Cogmind - Beta 10.2 @@@ ROGUE MODE // 2021.02.19 @ 22:31:58 Player: aperiodic Result: Self-destructed Performance ------------- Evolutions (0) 0 Regions Visited (4) 800 Robots Destroyed (25) 125 Value Destroyed (385) 385 Prototype IDs (29) 580 Alien Tech Used (0) 0 Bonus (300) 300 TOTAL SCORE: 2190 Bonus ------- Aligned with FarCom 300 Cogmind --------- Core Integrity 164/250 Matter 270/300 Energy 250/250 System Corruption 0% Temperature Cool (0) Movement Treading (180) Ox1 Location -9/Mines Parts ------- > --- POWER (1) -------- Ion Engine > --- PROPULSION (2) --- Light Treads Light Treads > --- UTILITY (2) ------ High-capacity Storage Unit Core Shielding > --- WEAPON (2) ------- Mining Claw Makeshift Sword > --- INVENTORY (12) --- Light Treads Large Storage Unit High-capacity Storage Unit Core Shielding Weapon Shielding Light Armor Plating Assault Rifle Light Assault Rifle Light Assault Rifle Grenade Launcher Grenade Launcher Signal Generator Peak State ------------ > --- POWER ------------ Ion Engine > --- PROPULSION ------- Light Treads Light Treads > --- UTILITY ---------- High-capacity Storage Unit Core Shielding > --- WEAPON ----------- Mining Claw Makeshift Sword > --- INVENTORY -------- Ion Engine Light Treads Core Shielding Weapon Shielding Light Armor Plating Assault Rifle Light Assault Rifle Light Assault Rifle Grenade Launcher Grenade Launcher [Rating: 11] Favorites ----------- Power Ion Engine Engine Ion Engine Propulsion Light Treads Treads Light Treads Utility Core Shielding Storage High-capacity Storage Unit Protection Core Shielding Weapon Small Laser Energy Gun Small Laser Ballistic Gun Light Assault Rifle Launcher Grenade Launcher Special Weapon Mining Laser Slashing Weapon Makeshift Sword Build | -11 -10 -10 -10 -9 ------- Run | Scr Mat Min Exi Min Slots Evolved . | . . . . . Power . | . . . . . Propulsion . | . . . . . Utility . | . . . . . Weapon . | . . . . . Parts Attached 23 | 6 8 6 3 . Power 3 | 1 1 . 1 . Engine 3 | 1 1 . 1 . Core . | . . . . . Reactor . | . . . . . Propulsion 4 | 2 1 1 . . Treads 4 | 2 1 1 . . Leg . | . . . . . Wheel . | . . . . . Hover . | . . . . . Flight . | . . . . . Utility 4 | 1 2 1 . . Device . | . . . . . Storage 3 | 1 1 1 . . Processor . | . . . . . Hackware . | . . . . . Protection 1 | . 1 . . . Artifact . | . . . . . Weapon 12 | 2 4 4 2 . Energy Gun 5 | 2 3 . . . Energy Cannon . | . . . . . Ballistic Gun 3 | . . 3 . . Ballistic Cannon . | . . . . . Launcher 1 | . . 1 . . Special Weapon 1 | . 1 . . . Impact Weapon . | . . . . . Slashing Weapon 2 | . . . 2 . Piercing Weapon . | . . . . . Special Melee Weapon . | . . . . . Unidentified Prototypes . | . . . . . Parts Lost 5 | . 2 3 . . Power . | . . . . . Propulsion 1 | . . 1 . . Utility . | . . . . . Weapon 4 | . 2 2 . . Highest Loss Streak 1 | . 1 1 . . Average Slot Usage (%) 98 | . 96 99 100 100 Engine 14 | . 14 14 14 14 Treads 26 | . 25 27 28 28 Storage 14 | . 14 14 14 14 Protection 13 | . 13 14 14 14 Energy Gun 11 | . 27 2 . . Ballistic Gun 11 | . . 24 11 . Slashing Weapon 4 | . . . 16 28 Naked Turns . | . . . . . Heaviest Build 42 | 11 26 41 42 42 Greatest Support 40 | 40 40 40 40 40 Greatest Overweight (x) 1 | . 1 1 1 1 Average Overweight (x) . | . . . 1 1 Largest Inventory Capacity 12 | 6 10 12 12 12 Average Capacity 10 | 5 8 11 12 12 Most Carried 12 | 4 10 12 12 12 Average Carried 8 | 2 7 11 8 12 Final Capacity 12 | 6 10 12 12 12 Final Carried 12 | 3 10 12 12 12 Class Distribution -------------------- 100% | Mutant Dominant Class ---------------- Mutant | -10/Materials Mutant | -10/Mines Mutant | -10/Exiles Mutant | -9/Mines Resources | -11 -10 -10 -10 -9 ----------- Run | Scr Mat Min Exi Min Matter Collected 405 | 260 80 65 . . Remotely . | . . . . . Salvage Created 708 | 153 481 74 . . Parts 47 | 8 31 8 . . Haulers Intercepted 2 | . 2 . . . Recyclers Shooed 2 | 1 . 1 . . Parts Field Recycled . | . . . . . Retrieved Matter . | . . . . . Parts Self-Destructed . | . . . . . Prevented . | . . . . . Kills | -11 -10 -10 -10 -9 ------- Run | Scr Mat Min Exi Min Combat Hostiles Destroyed 15 | . 9 6 . . Guns 13 | . 9 4 . . AOE 2 | . . 2 . . Classes Destroyed 7 | 2 5 . . . Worker 2 | . 2 . . . Tunneler 3 | 3 . . . . Hauler 2 | . 2 . . . Recycler 1 | 1 . . . . Watcher 2 | . 2 . . . Swarmer 9 | . 3 6 . . Grunt 6 | . 6 . . . Best Kill Streak 4 | 3 4 3 . . Combat Bots Only 3 | . 3 3 . . Max Kills in Single Turn 2 | 1 1 2 . . Gunslinging . | . . . . . Exploded 2 | . . 2 . . Melee . | . . . . . Uniques/NPCs Destroyed . | . . . . . Combat | -11 -10 -10 -10 -9 -------- Run | Scr Mat Min Exi Min Damage Taken 716 | . 456 260 . . Core 86 | . 55 31 . . Absorbed by Shields . | . . . . . Core Remaining (%) 100 | 100 . . . . Volleys Fired 69 | 9 49 11 . . Largest 2 | 2 2 2 . . Hottest 100 | 80 100 80 . . Shots Fired 124 | 18 89 17 . . Gun 118 | 18 84 16 . . Cannon . | . . . . . Launcher 1 | . . 1 . . Special 5 | . 5 . . . Kinetic 6 | . . 6 . . Thermal 79 | 18 61 . . . Explosive 1 | . . 1 . . Electromagnetic 38 | . 28 10 . . Robot Hit Streak 7 | 5 7 3 . . Robot Miss Streak 4 | 3 4 3 . . Penetration Max . | . . . . . Secondary Targets 3 | . 2 1 . . Max Gunslinging Chain 1 | . 1 1 . . Shots Hit Robots 66 | 10 50 6 . . Core Hits 40 | 5 25 10 . . Critical Hits . | . . . . . Critical Kills . | . . . . . Critical Parts Destroyed . | . . . . . Melee Attacks 2 | . . . 2 . Impact . | . . . . . Slashing 2 | . . . 2 . Piercing . | . . . . . Sneak Attacks . | . . . . . Combat Hostiles . | . . . . . Follow-up Attacks . | . . . . . Damage Inflicted 938 | 132 607 199 . . Guns 805 | 132 597 76 . . Cannons . | . . . . . Explosions 101 | . . 101 . . Melee . | . . . . . Ramming 32 | . 10 22 . . Kinetic 21 | . . 21 . . Thermal 471 | 132 339 . . . Explosive 101 | . . 101 . . Electromagnetic 313 | . 258 55 . . Impact . | . . . . . Slashing . | . . . . . Piercing . | . . . . . Highest Corruption . | . . . . . Average Corruption . | . . . . . Corruption Purged . | . . . . . Overload Shots . | . . . . . Overflow Damage . | . . . . . Projectiles . | . . . . . Explosions . | . . . . . Melee . | . . . . . Knockbacks . | . . . . . Impact . | . . . . . Kinetic . | . . . . . Secondary . | . . . . . Self-Inflicted Damage . | . . . . . Shots . | . . . . . Rammed 8 | . 1 7 . . Targets Rammed 9 | . 2 7 . . Kicked . | . . . . . Crushed 1 | . 1 . . . Highest Temperature 201 | 88 201 40 . . Average Temperature 62 | 38 70 26 . . Received Heat Transfer 198 | . 180 18 . . Siege Activations . | . . . . . Robots Corrupted . | . . . . . Combat Hostiles . | . . . . . Parts Fried 2 | . 2 . . . Impact Corruptions . | . . . . . Robots Melted . | . . . . . Combat Hostiles . | . . . . . Parts Melted 2 | . 2 . . . Heat Transferred 1075 | 300 775 . . . Parts Sabotaged . | . . . . . Parts Stolen . | . . . . . Parts Stripped . | . . . . . Power Chain Reactions . | . . . . . Missiles Intercepted . | . . . . . Alert | -11 -10 -10 -10 -9 ------- Run | Scr Mat Min Exi Min Peak Influence 115 | 20 109 115 . . Initial 13 | . 13 5 . . Average 36 | 8 39 37 . . Maximum Alert Level . | . . . . . Low Security (%) 100 | 100 100 100 . 100 Level 1 . | . . . . . Level 2 . | . . . . . Level 3 . | . . . . . Level 4 . | . . . . . Level 5 . | . . . . . High Security . | . . . . . Max Security . | . . . . . Squads Dispatched . | . . . . . Investigation . | . . . . . Extermination . | . . . . . Reinforcement . | . . . . . Assault . | . . . . . Garrison . | . . . . . Intercept . | . . . . . Construction Impeded . | . . . . . Haulers Reinforced . | . . . . . Stealth | -11 -10 -10 -10 -9 --------- Run | Scr Mat Min Exi Min Distress Signals . | . . . . . Communications Jammed . | . . . . . Distress Signals . | . . . . . Times Spotted 22 | . 14 8 . . Peak Tracking Total 3 | . 3 3 . . Tactical Retreats 2 | . 1 1 . . Traps | -11 -10 -10 -10 -9 ------- Run | Scr Mat Min Exi Min Traps Triggered 1 | . 1 . . . Indirectly . | . . . . . Trap Hack Attempts . | . . . . . Triggered . | . . . . . Disarmed . | . . . . . Reprogrammed . | . . . . . Reused . | . . . . . Traps Extracted . | . . . . . Installed . | . . . . . Triggered . | . . . . . Machines | -11 -10 -10 -10 -9 ---------- Run | Scr Mat Min Exi Min Machines Disabled 1 | . . . 1 . Max in Single Turn 1 | . . . 1 . Machines Sabotaged . | . . . . . Garrisons Compromised . | . . . . . Overloaded Fab Kills . | . . . . . Fab Network Shutdowns . | . . . . . Hacking | -11 -10 -10 -10 -9 --------- Run | Scr Mat Min Exi Min Machines Accessed 11 | . 9 . 2 . Terminals 8 | . 8 . . . Fabricators . | . . . . . Repair Stations 1 | . 1 . . . Recycling Units . | . . . . . Scanalyzers . | . . . . . Garrison Access . | . . . . . Total Hacks 32 | . 30 . 2 . Successful 17 | . 15 . 2 . Failed 15 | . 15 . . . Catastrophic . | . . . . . Database Lockouts . | . . . . . Manual 22 | . 21 . 1 . Terminals 28 | . 28 . . . Fabricators . | . . . . . Repair Stations 2 | . 2 . . . Recycling Units . | . . . . . Scanalyzers . | . . . . . Garrison Access . | . . . . . Terminal Hacks 12 | . 10 . 2 . Record 1 | . . . 1 . Robot Analysis 2 | . 2 . . . Prototype ID Bank 6 | . 6 . . . Locate Traps 2 | . 2 . . . EX-Prototype ID Bank 1 | . . . 1 . Fabricator Hacks . | . . . . . Repair Station Hacks 2 | . 2 . . . Scan Component 1 | . 1 . . . Repair 1 | . 1 . . . Recycling Unit Hacks . | . . . . . Scanalyzer . | . . . . . Garrison Access Hacks . | . . . . . Unauthorized Hacks 3 | . 3 . . . Terminals 3 | . 3 . . . Track 1 | . 1 . . . Botnet 1 | . 1 . . . Operators 1 | . 1 . . . Fabricators . | . . . . . Repair Stations . | . . . . . Recycling Units . | . . . . . Scanalyzers . | . . . . . Garrison Access . | . . . . . Data Cores Recovered . | . . . . . Used . | . . . . . Hacking Detections 9 | . 9 . . . Full Trace Events 1 | . 1 . . . Feedback Events . | . . . . . Feedback Blocked . | . . . . . Robot Schematics Acquired . | . . . . . Robots Built . | . . . . . Matter . | . . . . . Time . | . . . . . Total Robot Build Rating . | . . . . . Part Schematics Acquired . | . . . . . Parts Built . | . . . . . Matter . | . . . . . Time . | . . . . . Total Part Build Rating . | . . . . . Parts Repaired 1 | . 1 . . . Time 26 | . 26 . . . Parts Recycled . | . . . . . Recycled Matter . | . . . . . Retrieved Matter . | . . . . . Retrieved Components . | . . . . . Parts Scanalyzed . | . . . . . Part Schematics Acquired . | . . . . . Parts Damaged . | . . . . . Bothacking | -11 -10 -10 -10 -9 ------------ Run | Scr Mat Min Exi Min Used RIF Installer . | . . . . . Robots Hacked . | . . . . . Non-combat . | . . . . . Combat . | . . . . . Robot Hacks Applied . | . . . . . Relay Couplers Released . | . . . . . Robots Rewired . | . . . . . Allies Hacked . | . . . . . Hacks Repelled . | . . . . . Allies | -11 -10 -10 -10 -9 -------- Run | Scr Mat Min Exi Min Total Allies 4 | . . 4 . . Largest Group 4 | . . 4 4 3 Highest-Rated Group 71 | . . 71 71 40 Highest-Rated Ally 31 | . . 31 31 16 Total Orders . | . . . . . Ally Attacks . | . . . . . Total Damage . | . . . . . Kills . | . . . . . Allies Corrupted . | . . . . . Allies Melted . | . . . . . Intel | -11 -10 -10 -10 -9 ------- Run | Scr Mat Min Exi Min Robot Analysis Total 2 | . 2 . . . Derelict Logs Recovered 3 | . . 2 . 1 Drone Launches . | . . . . . Drone Recoveries . | . . . . . Exploration | -11 -10 -10 -10 -9 ------------- Run | Scr Mat Min Exi Min Turns Passed 3517 | 131 1377 1144 813 52 Spaces Moved 1779 | 69 622 618 442 28 Core 18 | 18 . . . . Treads 1761 | 51 622 618 442 28 Legs . | . . . . . Wheels . | . . . . . Hover . | . . . . . Flight . | . . . . . Fastest Speed 50 | 50 160 160 180 180 Average Speed 171 | 131 164 175 180 180 Slowest Speed 180 | 160 180 180 180 180 Overloaded Moves . | . . . . . Propulsion Burnouts . | . . . . . Robots Hopped . | . . . . . Cave-ins Triggered . | . . . . . Exploration Rate (%) 55 | 4 96 98 69 10 Regions Visited 4 Branch Regions 3 Pre-discovered Areas 2 | . . . 1 1 Known Exits Taken . | . . . . . Unknown Exits Taken 4 | 1 1 1 1 . Scrap Searched 1 | . . 1 . . Spaces Dug 5 | . 5 . . . Terrain Destroyed 7 | . 5 2 . . Melee . | . . . . . Projectile 5 | . 5 . . . AOE 2 | . . 2 . . Terrain Rammed . | . . . . . Walls Destroyed . | . . . . . Machines Disabled . | . . . . . Actions | -11 -10 -10 -10 -9 --------- Run | Scr Mat Min Exi Min Total 2115 | 92 877 656 460 30 Wait 186 | . 180 6 . . Move 1775 | 68 621 617 441 28 Hop . | . . . . . Pick Up 37 | 9 14 6 7 1 Fast Attach 2 | . . 2 . . Attach 11 | 6 4 1 . . Detach . | . . . . . Swap 10 | . 4 3 3 . Drop 14 | . 3 3 7 1 Fire 69 | 9 49 11 . . Melee 2 | . . . 2 . Ram . | . . . . . Kick . | . . . . . Crush 9 | . 2 7 . . Escape Stasis . | . . . . . Rewire . | . . . . . Trap . | . . . . . Miscellaneous . | . . . . . Route ------- -11/Scrapyard -10/Materials (discovered 4 exits: [*Mat x3] / [*Min]) -10/Mines (discovered 3 exits: [*Mat x2] / *Exi) -10/Exiles -9/Mines History --------- Turn | Location | Event 5 | -11/Scrapyard | Discovered new exit (range 14) 132 | -11/Scrapyard | Entered Materials 316 | -10/Materials | Build established: Mutant 740 | -10/Materials | Discovered new exit (range 4) 925 | -10/Materials | Discovered new exit (range 16) 982 | -10/Materials | Repaired Lgt. Treads 1132 | -10/Materials | Discovered new exit (range 14) 1216 | -10/Materials | Discovered new exit (range 15) 1509 | -10/Materials | Entered Mines 1517 | -10/Mines | Met a Derelict bent on vengeance 1594 | -10/Mines | Learned Materials interactive machine intel 1629 | -10/Mines | A weapon hastily lodged in a ceiling crevice suddenly fell to the ground 1663 | -10/Mines | Learned Materials garrison access intel 1939 | -10/Mines | Deemed a non-threat by the Exiles lab entrance 2043 | -10/Mines | Discovered new exit (range 6) 2065 | -10/Mines | Assisted by bots powering up and referring to "LRC-V3" 2428 | -10/Mines | Discovered new exit (range 5) 2433 | -10/Mines | Received a Mining Laser from a helpful Derelict 2644 | -10/Mines | Discovered new exit (range 5) 2653 | -10/Mines | Entered Exiles 2653 | -10/Exiles | Accompanied by 4 allies 2697 | -10/Exiles | Met 8R-AWN 2727 | -10/Exiles | Met EX-HEX 2824 | -10/Exiles | Met EX-DEC 2857 | -10/Exiles | Learned location of Zion (-6) 2949 | -10/Exiles | Discovered new exit (range 14) 3081 | -10/Exiles | Met EX-BIN 3106 | -10/Exiles | Aligned with FarCom system 3108 | -10/Exiles | Given EX-Vault access code 3149 | -10/Exiles | Opened EX-Vault 3200 | -10/Exiles | Warned to stay clear of 0b10 Research branches 3222 | -10/Exiles | Exiles lab attacked by MAIN.C 3466 | -10/Exiles | Entered Mines 3466 | -9/Mines | Accompanied by 3 allies 3469 | -9/Mines | Met a Derelict testing a Signal Generator 3474 | -9/Mines | Found Signal Generator 3516 | -9/Mines | Assembled infested the area 3518 | -9/Mines | Self-destructed Last Messages --------------- 03353_ Acquired Hcp. Storage Unit. 03358_ J5-HVA exits level. 03361_ W1-DM0 exits level. 03364_ GM-J5T exits level. 03385_ Machine disabled. LOCATION=UNKNOWN GOAL=ESCAPE 03466_ Receiving FarCom transmissions... 03467_ W1-DM0: "That was close. Too bad in all the rush we got split up from the others." 03469_ A derelict emerges from the shadows: "Quiet! I'm testing a new device we can use to divert those annoying Unaware when we need to." 03474_ Dropped Ion Engine. 03474_ Acquired Signal Generator. 03482_ W1-DM0: "Oh no, it's like what happened to the Exiles when they were wandering homeless, only there's no Warlord to save us!" 03504_ Acquired derelict log, extracted data. World map confirmed: -6/Zion. 03516_ ALERT: Infestation in the mines, dispatching Demolisher response squad. Map ----- +----------------------------------------------------+ | ????????????????????????????####?????? | | ??????????????????????????### ##????? | | ????????????????????????### #????? | | ???????????????????????## #????? | | ???????????????????????# ##????? | | ??????????????????????## * #####?????? | | ??????????????????????# ##?????????? | | ??????????????????????# ##?????????? | | ??????????????????????# ####??????? | | ??????????????????????## ##?????? | | ???????????????????????#### ##????? | | ??????????????????????????## #????? | | ???????????????????????????# #????? | | ???????????????????????????## #????? | | ????????????????????????????# #????? | | ????????????????????????????# #????? | | ???????????????????????###### #????? | | ???????????????????????# #????? | | ???????????????????????# ##????? | | ???????????????????????# ## #?????? | | ???????????????????????#z ######?????? | | ???????????????????????# #??????????? | | ???????????????????????#gg#??????????? | | ???????????????????????#g #??????????? | | ??????????????????????## #??????????? | | ??????????????????????# g@#??????????? | | ?????????????????# #??????????? | | ?????????????????# ### ??????????? | | ?????????????????????# ??????????? | | ???????????????????? ?????????? | | ??????????????????? # ?????????? | | ??????????????????######## ????????? | | ?????????????????????????? ????????? | | ??????????????????????????#r ???????? | | ??????????????????????????? ???????? | | ???????????????????????????# #??????? | | ???????????????????????????? ##??????? | | ???????????????????????????? #???????? | | ???????????????????????????? #???????? | | ?????????????????????????????#???????? | | ?????????????????????????????????????? | | ?????????????????????????????????????? | | ?????????????????????????????????????? | | ?????????????????????????????????????? | | ?????????????????????????????????????? | | ?????????????????????????????????????? | | ?????????????????????????????????????? | | ?????????????????????????????????????? | | ?????????????????????????????????????? | | ?????????????????????????????????????? | +----------------------------------------------------+ Best States ------------- Heat Dissipation 25 Energy Generation 10 Energy Capacity 250 Matter Stores 300 Matter Capacity 300 Sight Range 16 Terrain Scan Density 10 Core Shielding 20 Evasion (%) 50 Recoil Reduction 2 Item Schematics ----------------- None Robot Schematics ------------------ None Fabricated ------------ Nothing Alien Tech Used ----------------- None Achievements -------------- None Challenges ------------ None Game ------ Seed RiotMyomerLoader Manual? 0 Play Time 00:25:06 Cumulative 330.6 hours Start 2021.02.19 @ 00:30:37 End 2021.02.19 @ 22:31:58 Sessions 7 Manual Loads 0 Difficulty Rogue Special Mode None Game No. 115 Rogue 111 Adventurer 4 Explorer 0 Win Type - Total 8 Types 4/1/3/0/0/0/0/0/0 Lore% 75 Gallery% 79 Achievement% 64 Wizard Run 0 Options --------- ASCII 1 Keyboard 0 Movement Arrows Keybinds 0 Fullscreen 1 Font 18/SmallcapsGlow Map View 76x50 Tactical HUD 1 Map Filters NONE Filters NONE Steam 1 RUN: a0e04474-8bb3-4e1e-b7e1-778774dcbc9f